 Dungeon Crawl Stone Soup version 0.30-a0-557-ge2afbf3030 (webtiles) character file.

Game seed: 8638736912943815537

6961 bmack86 the Fighter (level 10, -5/94 HPs)
             Began as a Minotaur Fighter on Dec 28, 2022.
             Was a Believer of Okawaru.
             Slain by a meliai
             ... wielding a +0 hand axe
              (8 damage)
             ... on level 9 of the Dungeon.
             The game lasted 00:23:44 (6614 turns).

bmack86 the Fighter (Minotaur Fighter)              Turns: 6614, Time: 00:23:45

Health: -5/94      AC: 27    Str: 25    XL:     10   Next: 81%
Magic:  7/9        EV: 10    Int:  5    God:    Okawaru [**....]
Gold:   659        SH:  9    Dex: 10    Spells: 9/9 levels left

rFire   . . .      SeeInvis .    a - +0 war axe
rCold   . . .      Faith    .    P - +2 buckler
rNeg    . . .      Spirit   .    k - +0 chain mail
rPois   .          Reflect  .    (helmet restricted)
rElec   .          Harm     .    n - +2 cloak
rCorr   .          Rampage  .    b - +1 pair of gloves
Will    .....                    (no boots) Stlth
                                 q - amulet of regeneration
HPRegen 1.15/turn                j - +4 ring of protection
MPRegen 0.11/turn                l - +4 ring of protection

@: heroic
A: horns 2, retaliatory headbutt
a: Renounce Religion, Heroism


You were on level 9 of the Dungeon.
You worshipped Okawaru.
Okawaru was pleased with you.
You visited 2 branches of the dungeon, and saw 10 of its levels.
You also visited: Ossuary.

You collected 679 gold pieces.
You spent 20 gold pieces at shops.

Inventory:

Hand Weapons
 a - a +0 war axe (weapon)
Missiles
 d - 32 poisoned darts
 e - 2 boomerangs of dispersal
 u - a throwing net
 x - 2 atropa-tipped darts
 C - 4 silver boomerangs (quivered)
Armour
 b - a +1 pair of gloves (worn)
 k - a +0 chain mail (worn)
 n - a +2 cloak (worn)
 P - a +2 buckler (worn)
Jewellery
 j - a +4 ring of protection (left hand)
 l - a +4 ring of protection (right hand)
 p - an amulet of guardian spirit
 q - an amulet of regeneration (around neck)
 v - a +4 ring of protection
 w - a ring of resist corrosion
 F - a ring of protection from fire
 L - a ring of positive energy
 M - a ring of positive energy
Wands
 y - a wand of digging (7)
 B - a wand of flame (13)
 N - a wand of light (11)
Scrolls
 g - 3 scrolls of butterflies
 h - 2 scrolls of amnesia
 i - 3 scrolls of noise
 m - 8 scrolls of teleportation
 r - a scroll of magic mapping {unknown}
 s - a scroll of poison {unknown}
 D - a scroll of blinking
 O - a scroll of fog
Potions
 f - 2 potions of might
 o - 9 potions of curing
 t - 3 potions of heal wounds
 z - 4 potions of degeneration
 A - 2 potions of brilliance
 E - 3 potions of attraction
 G - a potion of ambrosia
 H - 2 potions of flight
 I - 4 potions of lignification
 K - a potion of invisibility {unknown}


   Skills:
 + Level 10.3(15.3) Fighting
 + Level 9.9(14.9) Axes
 + Level 7.9(12.9) Throwing
 + Level 10.3(15.3) Armour
 + Level 10.2(15.2) Shields


You had 9 spell levels left.
You didn't know any spells.
Your spell library contained the following spells:

 Spells                   Type           Power      Damage    Failure   Level
 Gell's Gravitas          Tloc           0%         N/A       100%        3
 Lesser Beckoning         Tloc           0%         N/A       100%        3
 Teleport Other           Tloc           0%         N/A       100%        3
 Anguish                  Hex/Necr       0%         N/A       100%        4
 Enfeeble                 Hex            0%         N/A       100%        7
 Summon Small Mammal      Summ           Unusable   N/A       N/A         1
 Call Canine Familiar     Summ           Unusable   N/A       N/A         3
 Summon Guardian Golem    Hex/Summ       Unusable   N/A       N/A         3
 Summon Ice Beast         Ice/Summ       Unusable   N/A       N/A         4
 Summon Mana Viper        Hex/Summ       Unusable   N/A       N/A         5
 Monstrous Menagerie      Summ           Unusable   N/A       N/A         7

Dungeon Overview and Level Annotations

Branches:
Dungeon (9/15)             Temple (1/1) D:7         Ossuary (visited)
   Lair: D:8-11         Orc: D:9-12

Altars:
Ashenzari
Cheibriados
Dithmenos
Elyvilon
Fedhas
Hepliaklqana
Kikubaaqudgha
Makhleb
Okawaru
Qazlal
Ru
Sif Muna
Trog
Uskayaw
Vehumet
Wu Jian
Xom
Yredelemnul
Zin

Shops:
D:4 *

Annotations:
D:9 1 transporter


Innate Abilities, Weirdness & Mutations

You have a pair of horns on your head.
You reflexively headbutt those who attack you in melee.


Message History

The steam dragon closely misses you. You furiously retaliate!
You headbutt the steam dragon! The steam dragon completely misses you.
You slice the wyvern!!
You kill the wyvern!
Okawaru accepts your kill.
You closely miss the steam dragon. The steam dragon breathes steam at you.
The ball of steam hits you but does no damage.
You hear a shout!
You barely miss the meliai. You slash the steam dragon!
You are engulfed in a cloud of scalding steam.
The meliai hits you but does no damage. The meliai closely misses you.
The steam dragon bites you.
The steam dragon claws you but does no damage.
The kobold brigand throws a poisoned dart.
You block the poisoned dart. The meliai hits you with a +0 hand axe.
The meliai stings you but does no damage.
The skeletal warrior closely misses you.
You miss the meliai. You closely miss the steam dragon.
You are engulfed in a cloud of scalding steam.
The meliai hits you but does no damage. You block the meliai's attack.
You slash the meliai!
The meliai is heavily wounded.
You completely miss the steam dragon.
You are engulfed in a cloud of scalding steam.
The meliai mumbles some strange prayers to its god against you.
Something smites you!
* * * LOW HITPOINT WARNING * * *
The steam dragon bites you but does no damage.
The steam dragon closely misses you.
The skeletal warrior is engulfed in a cloud of scalding steam.
The skeletal warrior hits you from afar with a +1 glaive of protection!
* * * LOW HITPOINT WARNING * * *
You closely miss the meliai. You headbutt the meliai!
The meliai is almost dead.
You closely miss the steam dragon.
You are engulfed in a cloud of scalding steam.
* * * LOW HITPOINT WARNING * * *
The meliai hits you with a +0 hand axe!
You die...

.............. .............. #
.............. ... .##
......<.###### ..## #.##........#
..#. ## ##..#........# ..#z .
.O.#........# ..# .# #
#yD#........# ..####.# ...
##@##........#
..♣..##....##.#.)#.........######
....©#O©##....§.z#©..............
..♣..#.#.#.###K$.#...............
..#####....# #.#.##.......####+#.
..#.=#.###....##..#.......# ...#
..#?.'..##.##.#...#.......#....#
..#|.#.#.#D.#.##.##.......'....#
..##⌠#..Kzyy..##.##..[....#....#


You could see a skeletal warrior, a two-headed ogre, a steam dragon, a kobold
brigand and a meliai.

Vanquished Creatures
  Erica (D:8)
  Pikel (D:9)
  A cyclops (D:9)
  A hornet (D:7)
  Sigmund (D:3)
  A wyvern (D:9)
  A shadow (D:9)
  An acid dragon (D:8)
  Duvessa (D:7)
  A water moccasin (D:8)
  2 orc warriors
  A black bear (D:3)
  An ice beast (D:7)
  2 ogres (D:6)
  4 centaurs
  A phantom (D:6)
  A kobold brigand (D:6)
  3 bullfrogs
  2 necrophages (D:6)
  4 scorpions
  A gnoll sergeant (D:6)
  14 wights
  Dowan (D:7)
  A killer bee (D:9)
  2 howler monkeys
  Crazy Yiuf (D:2)
  An orc priest (D:6)
  3 jellies
  A gnoll bouda (D:7)
  A scorpion zombie (D:3)
  Ijyb (D:5)
  3 iguanas
  Natasha (thrice) (D:2)
  5 orc wizards
  A hound zombie (D:3)
  9 mummies
  Robin (D:2)
  10 gnolls
  9 adders
  A white imp (D:6)
  An ufetubus (D:4)
  2 adder skeletons (D:3)
  An adder zombie (D:3)
  2 worms
  3 dart slugs
  26 orcs
  7 bats
  8 endoplasms
  6 giant cockroaches
  26 goblins
  17 hobgoblins
  12 kobolds
  4 quokkas
  6 ball pythons
  A ball python skeleton (D:3)
  3 frilled lizards (D:1)
  A gnoll zombie (Ossuary)
  3 hobgoblin zombies (Ossuary)
  A jackal zombie (D:3)
  4 orc zombies (Ossuary)
  6 rats
240 creatures vanquished.

Vanquished Creatures (others)
  A wizard (D:4)
  16 plants
  3 withered plants (D:3)
20 creatures vanquished.

Grand Total: 260 creatures vanquished

Notes
Turn   | Place    | Note
-------+----------+-------------------------------------------
     0 | D:1      | bmack86 the Minotaur Fighter began the quest for the Orb.
     0 | D:1      | Reached XP level 1. HP: 19/19 MP: 0/0
    35 | D:1      | Found a faded altar of an unknown god.
   148 | D:1      | Reached XP level 2. HP: 27/27 MP: 1/1
   718 | D:2      | Reached XP level 3. HP: 22/33 MP: 2/2
   795 | D:2      | Reached skill level 1 in Throwing
   811 | D:2      | Noticed Natasha
   821 | D:2      | Killed Natasha
   822 | D:2      | Reached XP level 4. HP: 40/40 MP: 3/3
   993 | D:2      | Noticed Robin
  1011 | D:2      | Killed Robin
  1103 | D:2      | Noticed Natasha
  1111 | D:2      | Killed Natasha
  1112 | D:2      | Reached XP level 5. HP: 36/47 MP: 4/4
  1230 | D:2      | Found a runed translucent door.
  1231 | D:2      | Noticed Crazy Yiuf
  1437 | D:2      | Noticed Natasha
  1444 | D:2      | Killed Natasha
  1597 | D:2      | Killed Crazy Yiuf
  1952 | D:3      | Noticed Sigmund
  1972 | D:3      | Killed Sigmund
  1973 | D:3      | Reached skill level 5 in Fighting
  1973 | D:3      | Reached skill level 5 in Armour
  1973 | D:3      | Reached skill level 5 in Shields
  1973 | D:3      | Reached XP level 6. HP: 56/56 MP: 5/5
  2111 | D:3      | Reached XP level 7. HP: 61/61 MP: 6/6
  2124 | D:3      | Found a broken altar of Ashenzari.
  2128 | D:3      | Saw a vision of the Shoals and the Snake Pit.
  2128 | D:3      | Noticed a harpy
  2128 | D:3      | Noticed a merfolk aquamancer
  2128 | D:3      | Noticed a black mamba
  2128 | D:3      | Noticed a black mamba
  2128 | D:3      | Noticed an anaconda
  2128 | D:3      | Noticed a naga sharpshooter
  2130 | D:3      | Noticed a naga warrior
  2131 | D:3      | Noticed a black mamba
  2374 | D:4      | Found Hikh's General Store.
  2383 | D:4      | Bought a scroll of identify for 20 gold pieces
  2410 | D:4      | Found a bloodstained altar of Trog.
  2412 | D:4      | Noticed a wizard
  2416 | D:4      | Killed a wizard
  2796 | D:5      | Entered Level 5 of the Dungeon
  2923 | D:5      | Reached skill level 5 in Axes
  3272 | D:5      | Noticed Ijyb
  3285 | D:5      | Killed Ijyb
  3382 | D:5      | Reached XP level 8. HP: 70/70 MP: 7/7
  3823 | D:5      | Reached XP level 9. HP: 83/83 MP: 8/8
  4745 | D:7      | Found a staircase to the Ecumenical Temple.
  4756 | Temple   | Entered the Ecumenical Temple
  4800 | Temple   | Became a worshipper of Warmaster Okawaru
  4898 | D:7      | Found a sand-covered staircase.
  4910 | Ossuary  | Entered an ossuary
  5250 | D:7      | Noticed Duvessa
  5250 | D:7      | Noticed Dowan
  5255 | D:7      | Killed Duvessa
  5256 | D:7      | Reached XP level 10. HP: 93/93 MP: 9/9
  5257 | D:7      | Killed Dowan
  5257 | D:7      | Reached * piety under Okawaru
  5784 | D:8      | Noticed Erica
  5799 | D:8      | Killed Erica
  5800 | D:8      | Reached skill level 10 in Fighting
  5800 | D:8      | Reached skill level 10 in Armour
  6197 | D:8      | Reached skill level 10 in Shields
  6516 | D:9      | Noticed a skeletal warrior
  6525 | D:9      | Noticed Pikel
  6533 | D:9      | Killed Pikel
  6571 | D:9      | Noticed a skeletal warrior
  6572 | D:9      | Found a transporter.
  6572 | D:9      | Found a transporter.
  6574 | D:9      | Noticed a two-headed ogre
  6584 | D:9      | Noticed a cyclops
  6596 | D:9      | Killed a cyclops
  6596 | D:9      | Reached ** piety under Okawaru
  6614 | D:9      | HP: 2/94 [steam dragon] (5)]
  6614 | D:9      | Slain by a meliai

Illustrated notes

Levels and vault maps discovered:
D:1:      roderic_dead_forest, layout_basic,
          shapermc_ecumenical_altar_notcrosses, grunt_decor_fettered
D:2:      minmay_wonky_spiral, layout_loops_ring, serial_bayou_lagoon_a,
          minmay_misc_feat_plants, uniq_natasha, uniq_robin,
          uniq_crazy_yiuf_cottage
D:3:      layout_rooms, grunt_ashenzari_visionary
          [grunt_ashenzari_visionary_shoals, grunt_ashenzari_visionary_snake],
          serial_undead, serial_undead_e, serial_undead_e, serial_undead_d,
          serial_undead_d, serial_undead_c, serial_undead_b, serial_undead_d,
          serial_undead_f, amcnicky_mini_corridor_feature, uniq_sigmund
D:4:      layout_cave_pools, trog_wizard, serial_shops, shop
D:5:      layout_layer_cave, uniq_ijyb
D:6:      layout_cave_pools, serial_bayou_pond_a, minmay_misc_feat_pillars
D:7:      layout_basic, temple_fountains, gup_ossuary_entry_pyramid,
          serial_bayou_crossing, uniq_duvessa
D:8:      corexii_shantytown, layout_loops_ring, serial_rivers,
          chequers_serial_rivers_micro_d, chequers_serial_rivers_small_3,
          chequers_serial_rivers_micro_b, chequers_serial_rivers_large_b,
          chequers_serial_rivers_micro_d, uniq_erica
D:9:      gammafunk_the_bubble [the_bubble_gammafunk_crates],
          layout_irregular_city, uniq_pikel
Temple:   nicolae_temple_bog_church

Skill      XL: |  1  2  3  4  5  6  7  8  9 10 |
---------------+-------------------------------+-----
Fighting       | 4 5 6 9 10 | 10.3
Armour         | 4 5 6 9 10 | 10.3
Axes           | 3 4 5 8 9 |  9.9
Shields        | 4 5 6 9 10 | 10.2
Throwing       | 1 2 3 6 7 |  7.9

Action                   |  1- 3 |  4- 6 |  7- 9 | 10-12 || total
-------------------------+-------+-------+-------+-------++-------
Melee: War axe           |    66 |   112 |   200 |   147 ||   525
       Headbutt          |     6 |    20 |    39 |    20 ||    85
Throw: Boomerang         |     1 |       |     5 |     3 ||     9
Invok: Heroism           |       |       |       |     5 ||     5
  Use: Scroll            |     2 |     1 |     9 |     6 ||    18
       Potion            |       |     1 |     1 |       ||     2
Armor: Scale mail        |    36 |    95 |    65 |       ||   196
       Chain mail        |       |       |    79 |    80 ||   159
Dodge: Dodged            |    32 |    73 |   103 |    55 ||   263
Block: Buckler           |     8 |    32 |    70 |    52 ||   162

Table legend: (Time is in decaauts)
 A = Elapsed time spent in this place.
 B = Non-inter-level travel time spent in this place.
 C = Inter-level travel time spent in this place.
 D = Time resting spent in this place.
 E = Time spent auto-exploring this place.
 F = Levels seen in this place.
 G = Mean time per level.
                   A        B        C        D        E       F      G
               +--------+--------+--------+--------+--------+-----+--------+
         Total |   6769 |   6590 |    179 |      0 |   3874 |  11 |  615.4 |
       Dungeon |   6462 |   6283 |    179 |      0 |   3849 |   9 |  718.0 |
        Temple |     85 |     85 |      0 |      0 |     25 |   1 |   85.0 |
       Ossuary |    221 |    221 |      0 |      0 |      0 |   1 |  221.0 |
               +--------+--------+--------+--------+--------+-----+--------+

Top non-repeatable levels by time:
     D:2: 1122 daAuts
     D:5: 1080 daAuts
     D:8: 1037 daAuts
     D:7: 742 daAuts
     D:1: 710 daAuts
     D:6: 594 daAuts
     D:3: 578 daAuts
     D:4: 459 daAuts
 Ossuary: 221 daAuts
     D:9: 136 daAuts
  Temple: 85 daAuts
